 Dungeon Crawl Stone Soup version 0.30-a0-691-g754fce4c43 (webtiles) character file.

Game seed: 10632474222861420396

14 pokeman the Magician (level 2, 0/16 HPs)
             Began as a Deep Elf Hedge Wizard on Jan 20, 2023.
             Slain by a jackal (3 damage)
             ... on level 1 of the Dungeon.
             The game lasted 00:01:14 (481 turns).

pokeman the Magician (Deep Elf Hedge Wizard)         Turns: 481, Time: 00:01:15

Health: 0/16       AC:  2    Str:  7    XL:     2   Next: 31%
Magic:  1/9        EV: 12    Int: 18    God:
Gold:   15         SH:  0    Dex: 14    Spells: 9/10 levels left

rFire   . . .      SeeInvis .    g - +0 dagger (venom)
rCold   . . .      Faith    .    (no shield)
rNeg    . . .      Spirit   .    b - +0 robe
rPois   .          Reflect  .    c - +0 hat
rElec   .          Harm     .    (no cloak)
rCorr   .          Rampage  .    (no gloves)
Will    .....                    (no boots)
Stlth   ++                       (no amulet)
HPRegen 0.22/turn                (no ring)
MPRegen 0.11/turn                (no ring)

@: no status effects
A: no striking features
a: no special abilities


You were on level 1 of the Dungeon.
You visited 1 branch of the dungeon, and saw 1 of its levels.

You collected 15 gold pieces.

Inventory:

Hand Weapons
 g - a +0 dagger of venom (weapon)
Armour
 b - a +0 robe (worn)
 c - a +0 hat (worn)
Magical Staves
 f - a staff of conjuration
Scrolls
 a - 3 scrolls of enchant armour {unknown}
 e - 3 scrolls of teleportation {unknown}
Potions
 d - a potion of magic


   Skills:
 + Level 0.4 Fighting
 + Level 0.4 Armour
 - Level 2.4 Dodging
 - Level 2.4 Stealth
 * Level 4.8 Spellcasting
 + Level 1.5 Conjurations
 - Level 1.1 Summonings
 - Level 1.1 Translocations


You had 9 spell levels left.
You knew the following spells:

 Your Spells              Type           Power      Damage    Failure   Level
a - Magic Dart            Conj           36%        1d4       8%          1

Your spell library contained the following spells:

 Spells                   Type           Power      Damage    Failure   Level
 Blink                    Tloc           16%        N/A       13%         2
 Call Imp                 Summ           8%         N/A       13%         2
 Slow                     Hex            16%        N/A       14%         1
 Static Discharge         Conj/Air       14%        2-3/arc   16%         2
 Cigotuvi's Dreadful Rot  Necr/Pois/Air  8%         N/A       21%         2
 Scorch                   Fire           8%         2d5       21%         2
 Mephitic Cloud           Conj/Pois/Air  6%         N/A       32%         3
 Vhi's Electric Charge    Tloc/Air       12%        N/A       32%         3
 Flame Wave               Conj/Fire      7%         2d5       69%         4
 Arcjolt                  Conj/Air       3%         1d13      95%         5
 Lightning Bolt           Conj/Air       3%         1d15      95%         5
 Summon Cactus Giant      Summ           4%         N/A       100%        6


Dungeon Overview and Level Annotations

Branches:
Dungeon (1/15)

Altars:


Message History

Unknown command.
You hit the jackal.
The jackal is poisoned.
The jackal is moderately wounded.
The jackal barely misses you. The jackal closely misses you. x3
You barely miss the jackal.
The jackal is almost dead.
You kill the jackal!
The jackal misses you.
You closely miss the jackal.
The jackal is almost dead.
The jackal bites you but does no damage.
The kobold completely misses you. The jackal barely misses you.
You closely miss the kobold. The jackal closely misses you.
The kobold hits you but does no damage.
You hit the kobold.
You kill the kobold!
The jackal bites you.
You miss the quokka. The jackal barely misses you.
The quokka closely misses you. The jackal misses you.
You hit the quokka but do no damage.
The quokka is poisoned.
The jackal bites you but does no damage.
The quokka misses you.
You hit the quokka but do no damage. The jackal bites you.
The quokka bites you. The jackal bites you.
You hit the jackal but do no damage.
The jackal is severely wounded.
The quokka barely misses you. The jackal bites you. The quokka bites you.
You closely miss the jackal.
The jackal is severely wounded.
The jackal barely misses you. The quokka closely misses you.
Your magical contamination has completely faded away.
You miss the quokka.
The quokka is moderately wounded.
The jackal closely misses you. The quokka bites you.
* * * LOW HITPOINT WARNING * * *
The jackal barely misses you.
You hit the quokka but do no damage.
The quokka is moderately wounded.
The jackal bites you.
You die...

.. #.#
#####..
.!.....
...... ...†##
#rh## .# #
#@.####.#.#
##.)..#.#.#
#..........
#.......#.#
#.......#
###.......#
........>..#
..^.........#
#......####.#


You could see a quokka (very poisoned) and a jackal.

Vanquished Creatures
  2 endoplasms (D:1)
  A giant cockroach (D:1)
  A goblin (D:1)
  3 jackals (D:1)
  2 kobolds (D:1)
  A ball python (D:1)
  2 bats (D:1)
12 creatures vanquished.

Notes
Turn   | Place    | Note
-------+----------+-------------------------------------------
     0 | D:1      | pokeman the Deep Elf Hedge Wizard began the quest for the
                  | Orb.
     0 | D:1      | Reached XP level 1. HP: 10/10 MP: 7/7
   304 | D:1      | Reached XP level 2. HP: 15/15 MP: 6/9
   481 | D:1      | Slain by a jackal

Illustrated notes

Levels and vault maps discovered:
D:1:      mrwooster_arrival_statue, layout_basic

Action                   || total
-------------------------++-------
Melee: Dagger            ||    12
 Cast: Magic Dart        ||    31
Armor: Robe              ||     6
Dodge: Dodged            ||    23

Table legend: (Time is in decaauts)
 A = Elapsed time spent in this place.
 B = Non-inter-level travel time spent in this place.
 C = Inter-level travel time spent in this place.
 D = Time resting spent in this place.
 E = Time spent auto-exploring this place.
 F = Levels seen in this place.
 G = Mean time per level.
                   A        B        C        D        E       F      G
               +--------+--------+--------+--------+--------+-----+--------+
         Total |    480 |    480 |      0 |      0 |    409 |   1 |  480.0 |
       Dungeon |    480 |    480 |      0 |      0 |    409 |   1 |  480.0 |
               +--------+--------+--------+--------+--------+-----+--------+

Top non-repeatable levels by time:
     D:1: 480 daAuts
